 Dungeon Crawl Stone Soup version 0.31-a0-1118-gbca3d03946 (webtiles) character file.

Game seed: 15523922511152942892

73 inmateoo the Ruffian (level 4, -2/33 HPs)
             Began as a Djinni Shapeshifter on Dec 4, 2023.
             Slain by a kobold brigand
             ... wielding a +0 whip
              (8 damage)
             ... on level 3 of the Dungeon.
             The game lasted 00:04:20 (1759 turns).

inmateoo the Ruffian (Djinni Shapeshifter)          Turns: 1759, Time: 00:04:20

Health: -2/33      AC:  6    Str: 15    XL:     4   Next: 51%
Gold:   55         EV: 11    Int: 11    God:
                   SH:  0    Dex: 13

rFire   + .          .
                       - Unarmed
rCold   . . .        (no shield)
rNeg    + . .        f - +0 ring mail
rPois   ∞            (no helmet)
rElec   .            m - +0 cloak
rCorr   .            (no gloves)
SInv    .            (boots unavailable)
Will    .....        (no amulet)
Stlth   +            i - ring of positive energy
HPRegen 0.25/turn    j - ring of ice
MPRegen 0.00/turn

%: infuse magic (-3 HP)
@: flying
A: sickness immunity, fire resistance 2, cold vulnerability 1, float, innate
caster, HP casting, extra vitality 1
a: no special abilities


You were on level 3 of the Dungeon.
You visited 1 branch of the dungeon, and saw 3 of its levels.

You collected 55 gold pieces.

Inventory:

Armour
 f - a +0 ring mail (worn)
 m - a +0 cloak (worn)
 o - the +0 ring mail of the Assorted Olives {+Inv rC- rN++ Regen+}
   (You found it on level 2 of the Dungeon)

   rC-:       It makes you vulnerable to cold.
   rN++:      It greatly protects you from negative energy.
   +Inv:      It lets you turn invisible.
   Regen+:    It increases your rate of health regeneration.
Jewellery
 i - a ring of positive energy (left hand)
 j - a ring of ice (right hand)
Talismans
 c - a beast talisman
 d - a flux talisman
Scrolls
 a - a scroll of teleportation
 l - a scroll of blinking
Potions
 b - a potion of lignification
 e - 2 potions of enlightenment
 g - a potion of attraction
 h - 2 potions of curing


   Skills:
 + Level 1.8 Fighting
 + Level 2.8 Dodging
 + Level 3.4 Unarmed Combat
 + Level 0.7 Spellcasting
 + Level 0.7 Conjurations
 + Level 0.7 Hexes
   Level 0.0 Charms
 + Level 0.7 Summonings
 + Level 0.7 Necromancy
 + Level 0.7 Translocations
 + Level 0.7 Transmutations
 + Level 0.7 Fire Magic
 + Level 0.7 Ice Magic
 + Level 0.7 Air Magic
 + Level 0.7 Earth Magic
 + Level 0.7 Poison Magic
 * Level 3.3 Shapeshifting


You knew the following spells:

 Your Spells              Type           Power      Damage    Failure   Level
a - Summon Small Mammal   Summ           4%         N/A       45%         1
Your spell library was empty.

Dungeon Overview and Level Annotations

Branches:
Dungeon (3/15)

Altars:

Shops:
D:1 (


Innate Abilities, Weirdness & Mutations

You are immune to sickness and miasma.
You are immune to poison.
Your flesh is very heat resistant. (rF++)
You are vulnerable to cold. (rC-)
You float through the air rather than walking.
You learn spells naturally, not from books.
Your magical power is your life essence.
You have superior vitality. (+4 MHP)


Message History

The kobold brigand hits you with a +0 whip.
You hit the kobold brigand but do no damage.
The kobold brigand is heavily wounded.
The kobold brigand hits you with a +0 whip.
You hit the kobold brigand but do no damage.
The kobold brigand is heavily wounded.
The kobold brigand hits you with a +0 whip.
You barely miss the kobold brigand.
The kobold brigand is heavily wounded.
The kobold brigand hits you but does no damage.
You closely miss the kobold brigand.
The kobold brigand is heavily wounded.
The kobold brigand barely misses you.
You closely miss the kobold brigand.
The kobold brigand is heavily wounded.
The kobold brigand hits you with a +0 whip.
You closely miss the kobold brigand.
The kobold brigand is heavily wounded.
The kobold brigand barely misses you.
You hit the kobold brigand.
The kobold brigand is heavily wounded.
The kobold brigand hits you but does no damage.
You barely miss the kobold brigand.
The kobold brigand is heavily wounded.
You hit the kobold brigand but do no damage.
Your punch misses the kobold brigand.
The kobold brigand is heavily wounded.
The kobold brigand hits you with a +0 whip!
You miss the kobold brigand.
The kobold brigand is heavily wounded.
The kobold brigand hits you but does no damage.
You are too injured to fight recklessly!
You barely miss the kobold brigand.
The kobold brigand is heavily wounded.
The kobold brigand hits you with a +0 whip!
* * * LOW HITPOINT WARNING * * *
You hit the kobold brigand.
The kobold brigand is heavily wounded.
The kobold brigand hits you with a +0 whip!
You die...

# .#
##########.#
#..........####
##@#...........
#K#.#.........
#.#.#.########
#.#.#.#######
#.#.#......<#
#.#.#########
#.#.# #.#.


You could see a kobold brigand.

Vanquished Creatures
  A hound (D:2)
  A worm (D:2)
  2 endoplasms
  A giant cockroach (D:1)
  4 goblins (D:1)
  7 hobgoblins
  A quokka (D:1)
  4 ball pythons
  6 bats
  A frilled lizard (D:1)
  4 kobolds
  6 rats (D:1)
38 creatures vanquished.

Notes
Turn   | Place    | Note
-------+----------+-------------------------------------------
     0 | D:1      | inmateoo the Djinni Shapeshifter began the quest for the
                  | Orb.
     0 | D:1      | Reached XP level 1. HP: 17/17 MP: 0/0
    21 | D:1      | Found Ciul's Antique Weapon Shoppe.
   174 | D:1      | Reached XP level 2. HP: 22/22 MP: 0/0
   555 | D:1      | Reached XP level 3. HP: 27/27 MP: 0/0
   555 | D:1      | Learned a level 1 spell: Summon Small Mammal
  1003 | D:2      | Found a faded altar of an unknown god.
  1020 | D:2      | Identified the +0 ring mail of the Assorted Olives {+Inv
                  | rC- rN++ Regen+}
  1132 | D:2      | Reached XP level 4. HP: 32/32 MP: 0/0
  1740 | D:3      | Noticed a kobold brigand
  1759 | D:3      | Slain by a kobold brigand

Illustrated notes

Levels and vault maps discovered:
D:1:      minmay_arrival_semitransparent, layout_loops_corners, serial_shops,
          shop
D:2:      layout_basic, nicolae_ecumenical_pavilion
D:3:      kennysheep_goblin_castle, layout_basic, lemuel_doored_altar,
          hex_large, nicolae_kite_square_tiling_tiny, uniq_terence, uniq_jessica

Skill      XL: |  1  2  3 |
---------------+----------+-----
Shapeshifting  | 3 |  3.3
Fighting       | |  1.8
Dodging        | |  2.8
Unarmed Combat | |  3.4
Spellcasting   | |  0.7
Conjurations   | |  0.7
Hexes          | |  0.7
Summonings     | |  0.7
Necromancy     | |  0.7
Translocations | |  0.7
Transmutations | |  0.7
Fire Magic     | |  0.7
Ice Magic      | |  0.7
Air Magic      | |  0.7
Earth Magic    | |  0.7
Poison Magic   | |  0.7

Action                     |  1- 3 |  4- 6 || total
---------------------------+-------+-------++-------
  Melee: Unarmed           |    94 |    64 ||   158
         Punch             |     1 |       ||     1
   Cast: Summon Small Mamm |     1 |       ||     1
Ability: Begin Untransform |     1 |       ||     1
    Use: Scroll            |     1 |     8 ||     9
 Armour: Animal skin       |     8 |       ||     8
         Ring mail         |    52 |    35 ||    87
  Dodge: Dodged            |    62 |    28 ||    90
   Form: Flux              |     1 |       ||     1

Table legend: (Time is in decaauts)
 A = Elapsed time spent in this place.
 B = Non-inter-level travel time spent in this place.
 C = Inter-level travel time spent in this place.
 D = Time resting spent in this place.
 E = Time spent auto-exploring this place.
 F = Levels seen in this place.
 G = Mean time per level.
                   A        B        C        D        E       F      G
               +--------+--------+--------+--------+--------+-----+--------+
         Total |   1748 |   1689 |     59 |    116 |   1156 |   3 |  582.7 |
       Dungeon |   1748 |   1689 |     59 |    116 |   1156 |   3 |  582.7 |
               +--------+--------+--------+--------+--------+-----+--------+

Top non-repeatable levels by time:
     D:1: 998 daAuts
     D:2: 718 daAuts
     D:3: 31 daAuts
